 Dungeon Crawl Stone Soup version 0.24-a0-458-gfcb5e6da0e (webtiles) character file.

Game seed: 15423206929924811976

26426 KristoblXynda the Cleaver (level 12, -1/151 HPs)
             Began as a Minotaur Berserker on June 26, 2019.
             Was a High Priest of Trog.
             Slain by a killer bee (5 damage)
             ... on level 12 of the Dungeon.
             The game lasted 00:22:57 (13855 turns).

KristoblXynda the Cleaver (Minotaur Berserker)     Turns: 13855, Time: 00:22:58

Health: -1/151     AC: 24    Str: 35    XL:     12   Next: 98%
Magic:  16/16      EV: 15    Int:  5    God:    Trog [*****.]
Gold:   593        SH:  0    Dex: 11    Spells: 11/11 levels left

rFire    . . .     SeeInvis .   v - +4 battleaxe (venom)
rCold    . . .     Gourm    .   (shield currently unavailable)
rNeg     . . .     Faith    .   n - +4 chain mail
rPois    .         Spirit   .   G - +2 hat
rElec    .         Reflect  .   (no cloak)
rCorr    .         Harm     .   p - +1 pair of gloves
MR       .....                  x - +2 pair of boots
Stlth    ..........             d - amulet of the acrobat
HPRegen  0.35/turn              C - +5 ring of strength
MPRegen  0.15/turn              L - ring of wizardry

@: berserking, lethally poisoned (-1 -> -2), very quick
A: retaliatory headbutt, horns 2
a: Berserk, Trog's Hand, Brothers in Arms, Renounce Religion


You were on level 12 of the Dungeon.
You worshipped Trog.
Trog was extremely pleased with you.
You were very hungry.

You visited 3 branches of the dungeon, and saw 14 of its levels.
You also visited: Ossuary and Gauntlet.

You collected 593 gold pieces.

Inventory:

Hand Weapons
 r - a +1 dire flail of draining
 v - a +4 battleaxe of venom (weapon)
 I - a +2 battleaxe
Missiles
 t - 16 silver javelins (quivered)
 F - a throwing net
Armour
 n - a +4 chain mail (worn)
 p - a +1 pair of gloves (worn)
 x - a +2 pair of boots (worn)
 G - a +2 hat (worn)
Jewellery
 d - an amulet of the acrobat (around neck)
 y - an uncursed ring of protection from cold
 C - a +5 ring of strength (left hand)
 L - a ring of wizardry (right hand)
Wands
 w - a wand of iceblast (12)
 D - a wand of paralysis (25)
 J - a wand of polymorph (8)
 K - a wand of digging (4)
 N - a wand of disintegration (14)
Scrolls
 e - 4 scrolls of immolation
 f - 12 scrolls of remove curse
 h - 5 scrolls of fear
 i - 9 scrolls of teleportation
 j - 3 scrolls of enchant armour
 l - 3 scrolls of fog
 m - 2 scrolls of blinking
 E - 2 scrolls of enchant weapon
Potions
 a - 2 potions of ambrosia {unknown}
 b - 2 potions of brilliance
 g - a potion of lignification
 k - 3 potions of curing
 o - a potion of magic
 q - 5 potions of mutation
 s - 2 potions of haste
 u - a potion of invisibility
 z - 3 potions of heal wounds
 A - 2 potions of resistance
 B - a potion of flight
Miscellaneous
 H - a lamp of fire (inert)
 M - a sack of spiders
Comestibles
 c - 17 rations


   Skills:
 - Level 8.0 Fighting
 + Level 13.3 Axes
 - Level 5.5 Throwing
 + Level 13.1 Armour
 + Level 12.1 Dodging
 + Level 6.8 Evocations


You had 11 spell levels left.
You didn't know any spells.
Your spell library contained the following spells:

 Spells                   Type           Power        Failure   Level  Hunger
 Corona                   Hex            #......      50%         1    ##.....
 Magic Dart               Conj           #...         50%         1    ##.....
 Sting                    Conj/Pois      #...         50%         1    ##.....
 Ensorcelled Hibernation  Hex/Ice        #.....       65%         2    ###....
 Poisonous Vapours        Pois/Air       #.....       65%         2    ###....
 Throw Flame              Conj/Fire      #.....       65%         2    ###....
 Confuse                  Hex            #.......     86%         3    ####...
 Dazzling Spray           Conj/Hex       #.....       86%         3    ####...
 Mephitic Cloud           Conj/Pois/Air  #.......     86%         3    ####...
 Recall                   Summ/Tloc      N/A          86%         3    ####...
 Tukima's Dance           Hex            #.......     86%         3    ####...
 Fulminant Prism          Conj/Hex       #.........   99%         4    #####..
 Olgreb's Toxic Radiance  Pois           #.......     99%         4    #####..
 Throw Icicle             Conj/Ice       #.......     99%         4    #####..
 Aura of Abjuration       Summ           #.........   100%        5    ######.
 Bolt of Magma            Conj/Fire/Erth #.........   100%        5    ######.
 Iskenderun's Battlesphe  Conj/Chrm      #.......     100%        5    ######.
 Summon Demon             Summ           #.........   100%        5    ######.
 Summon Forest            Summ/Tloc      #.........   100%        5    ######.
 Summon Mana Viper        Hex/Summ       #.......     100%        5    ######.
 Venom Bolt               Conj/Pois      #.........   100%        5    ######.
 Iron Shot                Conj/Erth      #.........   100%        6    #######
 Shadow Creatures         Summ           N/A          100%        6    #######
 Orb of Destruction       Conj           #.........   100%        7    #######
 Spellforged Servitor     Conj/Summ      #.........   100%        7    #######


Dungeon Overview and Level Annotations

Branches:
Dungeon (12/15)            Temple (1/1) D:5            Lair (1/6) D:11
    Orc (0/2) D:9

Altars:
Ashenzari
Cheibriados
Dithmenos
Elyvilon
Fedhas
Gozag
Hepliaklqana
Kikubaaqudgha
Makhleb
Nemelex Xobeh
Okawaru
Qazlal
Ru
Sif Muna
Trog
Uskayaw
Vehumet
Wu Jian
Xom
Yredelemnul
Zin
The Shining One

Shops:
D:12 }

Annotations:
D:11 Sonja
D:12 2 runed translucent doors, confidenceinterval's ghost, journeyman TrMo
Lair:1 1 transporter, Taimotum's ghost, novice TrMo


Innate Abilities, Weirdness & Mutations

You reflexively headbutt those who attack you in melee.
You have a pair of horns on your head.


Message History

The killer bee is heavily wounded.
The killer bee misses you. You furiously retaliate!
You headbutt the killer bee!
You kill the killer bee!
Trog accepts your kill.
You slice the killer bee!!
You kill the killer bee!
Trog accepts your kill. The killer bee barely misses you.
You barely miss the killer bee. Your headbutt misses the killer bee.
You feel sick. The killer bee completely misses you. You furiously retaliate!
You headbutt the killer bee. You miss the killer bee.
Your headbutt misses the killer bee.
The killer bee is moderately wounded.
The killer bee closely misses you. You furiously retaliate!
You headbutt the killer bee. You hit the killer bee.
The killer bee is poisoned.
The killer bee is severely wounded.
The killer bee stings you.
You die...

############### **,** #
#...........# *,,*
###...........###*****+#*
#.'.[.........'.#*,,,,..*
#.#...........#.#*,,,%%%*
#.#...........#.#*,,....*
#.#...........#)#*,%.†%.*
'.#...........#)##.†....*
###...........#)@yK.%...*
# ################....%.*
**#####*


You could see a killer bee and a kobold.

Vanquished Creatures
  Frances (D:12)
  A minotaur (Gauntlet)
  A hydra (Lair:1)
  Erica (D:11)
  3 two-headed ogres
  A tengu warrior (D:10)
  Nergalle (Lair:1)
  A cyclops (D:12)
  A deep elf mage (D:10)
  A black mamba (Lair:1)
  Joseph (D:8)
  A gargoyle (D:12)
  2 orange demons (D:9)
  A torpor snail (Gauntlet)
  2 komodo dragons (Lair:1)
  3 spiny frogs (Lair:1)
  2 minotaur zombies (Gauntlet)
  An efreet (D:10)
  A queen bee (D:12)
  A hornet (D:9)
  A troll (D:10)
  A tyrant leech (Gauntlet)
  3 meliai (D:12)
  A raiju (Gauntlet)
  A hippogriff (Lair:1)
  A shadow (D:11)
  5 wyverns
  6 yaks (D:11)
  A hungry ghost (D:10)
  2 basilisks
  3 wargs (D:9)
  2 steam dragons
  2 swamp worms (Gauntlet)
  5 water moccasins
  2 porcupines (Lair:1)
  5 orc warriors
  2 ice beasts
  A sky beast (D:11)
  A black bear (D:6)
  2 phantoms
  2 necrophages
  13 wolves
  2 eyes of draining
  3 ogres
  7 centaurs
  2 crocodiles
  Blork the orc (D:6)
  A big kobold (D:12)
  8 bullfrogs
  A wyvern skeleton (D:10)
  3 scorpions
  36 killer bees
  4 wights (D:7)
  5 howler monkeys
  3 bullfrog zombies
  5 crimson imps
  A quasit (D:8)
  A centaur zombie (Ossuary)
  3 centaur skeletons
  6 hounds
  4 jellies
  5 bullfrog skeletons
  3 iron imps (D:9)
  Natasha (twice) (D:3)
  2 iguanas
  25 orc wizards
  7 worker ants
  A centaur simulacrum (D:10)
  3 hound zombies (Ossuary)
  10 mummies
  A hound skeleton (D:10)
  A howler monkey zombie (Ossuary)
  2 worker ant zombies
  Robin (D:3)
  10 adders
  4 shadow imps
  5 adder zombies
  4 oozes
  2 adder skeletons
  4 worms
  4 dart slugs
  7 leopard geckos
  56 orcs
  9 bats
  7 giant cockroaches
  8 hobgoblins
  20 jackals
  A quokka (D:4)
  A ball python (D:1)
  8 frilled lizards
  2 giant cockroach zombies (Ossuary)
  12 goblins
  A jackal zombie (D:5)
  6 kobolds
  A leopard gecko zombie (Ossuary)
  A quokka skeleton (D:5)
  3 quokka zombies (Ossuary)
  7 rats
  2 plants (Lair:1)
433 creatures vanquished.

Vanquished Creatures (others)
  2 withered plants (Ossuary)
2 creatures vanquished.

Grand Total: 435 creatures vanquished

Notes
Turn   | Place    | Note
-------+----------+-------------------------------------------
     0 | D:1      | KristoblXynda the Minotaur Berserker began the quest for
                  | the Orb.
     0 | D:1      | Reached XP level 1. HP: 19/19 MP: 0/0
   184 | D:1      | Reached XP level 2. HP: 27/27 MP: 1/1
   838 | D:2      | Reached XP level 3. HP: 33/33 MP: 2/2
   916 | D:2      | Reached ** piety under Trog
  1275 | D:2      | Found a shattered altar of Ashenzari.
  1469 | D:2      | Reached XP level 4. HP: 40/40 MP: 3/3
  2125 | D:3      | Noticed Robin
  2128 | D:3      | Noticed Natasha
  2141 | D:3      | Killed Robin
  2141 | D:3      | Reached XP level 5. HP: 7/47 MP: 4/4
  2147 | D:3      | Killed Natasha
  2449 | D:3      | Found an ancient bone altar of Kikubaaqudgha.
  2457 | D:3      | Reached *** piety under Trog
  2526 | D:3      | Noticed Natasha
  2532 | D:3      | Killed Natasha
  2532 | D:3      | Reached skill level 5 in Fighting
  2694 | D:3      | Found a sparkling altar of Nemelex Xobeh.
  2937 | D:4      | Reached skill level 5 in Axes
  3175 | D:4      | Reached XP level 6. HP: 53/56 MP: 5/5
  3559 | D:4      | Reached skill level 5 in Armour
  3559 | D:4      | Reached XP level 7. HP: 51/62 MP: 6/6
  3908 | D:5      | Entered Level 5 of the Dungeon
  4030 | D:5      | Found a white marble altar of Elyvilon.
  4105 | D:5      | Reached **** piety under Trog
  4105 | D:5      | Reached skill level 5 in Dodging
  4154 | D:5      | Found a burning altar of Makhleb.
  4204 | D:5      | Found a staircase to the Ecumenical Temple.
  4217 | Temple   | Entered the Ecumenical Temple
  4619 | D:6      | Reached XP level 8. HP: 61/71 MP: 7/7
  4809 | D:6      | Found an ornate altar of the Wu Jian Council.
  4947 | D:6      | Noticed Blork the orc
  4955 | D:6      | Killed Blork the orc
  5004 | D:6      | Found a sand-covered staircase.
  5018 | Ossuary  | Entered an ossuary
  5139 | Ossuary  | Received a gift from Trog
  5251 | Ossuary  | Reached XP level 9. HP: 79/81 MP: 8/8
  5476 | D:6      | Found a hide-covered altar of Uskayaw.
  5768 | D:7      | Reached skill level 1 in Throwing
  5923 | D:7      | Reached ***** piety under Trog
  6644 | D:8      | Found a sacrificial altar of Ru.
  6873 | D:8      | Noticed Joseph
  6885 | D:8      | Paralysed by Joseph for 6 turns
  6894 | D:8      | Killed Joseph
  7770 | D:9      | Received a gift from Trog
  7776 | D:9      | Reached XP level 10. HP: 66/87 MP: 9/9
  7779 | D:9      | Noticed a two-headed ogre
  7788 | D:9      | Killed a two-headed ogre
  7793 | D:9      | Got a translucent hand axe {god gift}
  7806 | D:9      | Found a staircase to the Orcish Mines.
  7821 | D:9      | Identified the +3 hand axe of Imbalance {chop, *Corrode
                  | Dex+4 SInv} (Trog gifted it to you on level 9 of the
                  | Dungeon)
  8167 | D:9      | Reached skill level 10 in Axes
  8204 | D:9      | Noticed a hell beast
  8205 | D:9      | Found an ancient bone altar of Kikubaaqudgha.
  8205 | D:9      | Noticed a rust devil
  8205 | D:9      | Noticed an orange demon
  8206 | D:9      | Noticed an orange demon
  8223 | D:9      | Killed an orange demon
  8223 | D:9      | Reached skill level 5 in Throwing
  8223 | D:9      | Killed an orange demon
  8223 | D:9      | Reached skill level 10 in Armour
  8451 | D:10     | Entered Level 10 of the Dungeon
  8784 | D:10     | Noticed a tengu warrior
  8790 | D:10     | Killed a tengu warrior
  8790 | D:10     | Reached skill level 1 in Evocations
  8887 | D:10     | Noticed a deep elf mage
  8888 | D:10     | Reached XP level 11. HP: 92/93 MP: 9/11
  8915 | D:10     | Killed a deep elf mage
  9481 | D:11     | Received a gift from Trog
  9509 | D:11     | Found a staircase to the Lair.
  9515 | D:11     | Reached skill level 10 in Dodging
  9927 | D:11     | Noticed Erica
  9940 | D:11     | Killed Erica
 10178 | D:11     | Noticed Sonja
 10536 | Lair:1   | Entered Level 1 of the Lair of Beasts
 10551 | Lair:1   | HP: 2/93 [komodo dragon (11)]
 10566 | Lair:1   | Received a gift from Trog
 10872 | Lair:1   | Found a transporter.
 10874 | Lair:1   | Found a transporter.
 10875 | Lair:1   | Identified the +6 broad axe "Jahiot" {freeze, Str+4}
 10875 | Lair:1   | Noticed a spriggan berserker
 10884 | Lair:1   | Noticed Taimotum's ghost (novice TrMo)
 10886 | Lair:1   | Found a bloodstained altar of Trog.
 10893 | Lair:1   | Identified the +0 spear of Context {freeze, rPois rF- MR+
                  | Str+6}
 10893 | Lair:1   | Noticed a spriggan rider
 10894 | Lair:1   | Identified the +6 spear of Doseh {antimagic, rPois rN+ MP-9
                  | Int+4}
 10894 | Lair:1   | Noticed a spriggan rider
 11091 | Lair:1   | Noticed a six-headed hydra
 11092 | Lair:1   | Noticed Nergalle
 11107 | Lair:1   | Killed a six-headed hydra
 11107 | Lair:1   | Reached XP level 12. HP: 81/101 MP: 14/14
 11117 | Lair:1   | Killed Nergalle
 11117 | Lair:1   | Reached skill level 5 in Evocations
 11191 | Lair:1   | HP: 5/101 [poisoned by a spiny frog]
 11196 | Lair:1   | HP: 5/101 [poisoned by a spiny frog]
 11201 | Lair:1   | HP: 4/101 [poisoned by a spiny frog]
 11209 | Lair:1   | HP: 4/101 [poisoned by a spiny frog]
 11534 | Lair:1   | Got a smoking war axe
 11623 | Lair:1   | Identified the +3 war axe "Nunile Pilu" {freeze, rF+} (You
                  | found it on level 1 of the Lair of Beasts)
 12058 | D:12     | Found a gate leading to a gauntlet.
 12068 | Gauntlet | Entered a Gauntlet
 12068 | Gauntlet | Found a runed translucent door.
 12068 | Gauntlet | Found a transporter.
 12068 | Gauntlet | Found a runed translucent door.
 12068 | Gauntlet | Found a transporter.
 12070 | Gauntlet | Found a transporter.
 12070 | Gauntlet | Found a transporter.
 12074 | Gauntlet | Found a transporter.
 12074 | Gauntlet | Found a transporter.
 12102 | Gauntlet | Found a transporter.
 12106 | Gauntlet | Found a transporter.
 12117 | Gauntlet | Found a transporter.
 12130 | Gauntlet | Found a transporter.
 12144 | Gauntlet | Found a transporter.
 12148 | Gauntlet | Found a transporter.
 12649 | Gauntlet | Noticed a minotaur
 12665 | Gauntlet | Killed a minotaur
 12807 | Gauntlet | Identified the Collected Works on Combat Magic
 13061 | D:12     | Noticed a two-headed ogre
 13064 | D:12     | Killed a two-headed ogre
 13098 | D:12     | Noticed Frances
 13109 | D:12     | Killed Frances
 13393 | D:12     | Found a large runed translucent door.
 13393 | D:12     | Found a large runed translucent door.
 13395 | D:12     | Noticed confidenceinterval's ghost (journeyman TrMo)
 13484 | D:12     | Found Suzxussa's Gadget Boutique.
 13496 | D:12     | Noticed a two-headed ogre
 13505 | D:12     | Killed a two-headed ogre
 13690 | D:12     | Received a gift from Trog
 13831 | D:12     | Received a gift from Trog
 13839 | D:12     | HP: 5/151 [meliai/divine providence (14)]
 13846 | D:12     | HP: 3/151 [poisoned by a killer bee]
 13853 | D:12     | HP: 3/151 [poisoned by a killer bee]
 13855 | D:12     | Slain by a killer bee

Levels and vault maps discovered:
D:1:      dpeg_arrival_line_fractal, layout_loops_ring, minmay_misc_feat_rugged
D:2:      layout_basic, nicolae_ashenzari_panopticon, minmay_misc_feat_hallway
D:3:      layout_basic, nicolae_overflow_hidden_temple, lemuel_round_altar,
          kennysheep_doodads, minmay_box_of_dots, uniq_robin, uniq_natasha
D:4:      layout_loops_ring, first_ration
D:5:      layout_rooms, kennysheep_mini, elyvilon_altar_3, temple_green,
          minmay_misc_feat_columns
D:6:      layout_basic, kennysheep_little_box, lemuel_doored_altar,
          gup_ossuary_entry_pyramid, uniq_blork_the_orc
D:7:      layout_loops_ring
D:8:      layout_layer_cave, nicolae_ru_awakened_eye, uniq_joseph
D:9:      layout_rooms, minmay_orc_entry_guard_dogs, lemuel_hellish_altar
D:10:     minmay_tri_box, layout_loops_ring
D:11:     layout_long_grid, lair_entry_dummy, uniq_erica, uniq_sonja
D:12:     layout_roguey [special_room_bee], serial_shops,
          nicolae_shop_behind_doors, gauntlet_entry_generic,
          ebering_ghost_disaster_area, grunt_ogre_cave, uniq_frances
Temple:   minmay_temple_curvy_branch
Lair:1:   layout_loops_ring, gammafunk_ghost_wrathful_warriors, uniq_nergalle

Skill      XL: |  1  2  3  4  5  6  7  8  9 10 11 12 |
---------------+-------------------------------------+-----
Fighting       | 4 5 6 7 8 |  8.0
Axes           | 4 5 6 7 9 10 12 13 | 13.3
Armour         | 3 4 5 6 7 9 10 11 13 | 13.1
Dodging        | 3 4 5 6 8 9 11 12 | 12.1
Throwing       | 3 5 |  5.5
Evocations     | 1 4 6 |  6.8

Action                   |  1- 3 |  4- 6 |  7- 9 | 10-12 || total
-------------------------+-------+-------+-------+-------++-------
Melee: Hand axe          |    67 |   148 |   293 |       ||   508
       Headbutt          |     5 |    21 |    77 |    89 ||   192
       Battleaxe         |       |       |   125 |   444 ||   569
       Dire flail        |       |       |       |     4 ||     4
Invok: Berserk           |       |     1 |     3 |     7 ||    11
       Trog's Hand       |       |     1 |       |     3 ||     4
       Brothers in Arms  |       |       |       |     1 ||     1
Evoke: Wand              |       |       |       |     5 ||     5
       Lamp of fire      |       |       |       |     1 ||     1
  Use: Scroll            |       |     6 |    14 |    13 ||    33
       Potion            |       |       |     1 |     3 ||     4
  Eat: Chunk             |     1 |     6 |    11 |    15 ||    33
       Ration            |       |     1 |     2 |     4 ||     7
Armor: Animal skin       |     4 |       |       |       ||     4
       Chain mail        |    22 |    65 |    59 |   303 ||   449
       Plate armour      |       |       |   185 |    58 ||   243
Dodge: Dodged            |    47 |    97 |   284 |   467 ||   895

Table legend:
 A = Non-vault XP
 B = Vault XP
 C = Vault XP percentage of total XP
 D = Non-vault monster count
 E = Vault monster count
 F = Vault count percentage of total count
                 A         B        C        D         E       F
            +---------+---------+-------+---------+---------+-------
      Total |   21814 |   15938 |  42.2 |     332 |      99 |  23.0
            +---------+---------+-------+---------+---------+-------
        D:1 |      33 |       0 |   0.0 |      18 |       0 |   0.0
        D:2 |      70 |       0 |   0.0 |      20 |       0 |   0.0
        D:3 |     155 |      73 |  32.0 |      30 |      14 |  31.8
        D:4 |     458 |       0 |   0.0 |      18 |       0 |   0.0
        D:5 |     483 |       0 |   0.0 |      29 |       0 |   0.0
        D:6 |    1110 |     121 |   9.8 |      19 |       2 |   9.5
        D:7 |     624 |       0 |   0.0 |      14 |       0 |   0.0
        D:8 |    1112 |     466 |  29.5 |      22 |       1 |   4.3
        D:9 |    2347 |    1426 |  37.8 |      28 |       8 |  22.2
       D:10 |    2245 |    2061 |  47.9 |      30 |       6 |  16.7
       D:11 |    3428 |     955 |  21.8 |      40 |       1 |   2.4
       D:12 |    3681 |    5731 |  60.9 |      37 |      28 |  43.1
     Lair:1 |    6068 |     808 |  11.8 |      27 |       1 |   3.6
    Ossuary |       0 |     475 | 100.0 |       0 |      26 | 100.0
   Gauntlet |       0 |    3822 | 100.0 |       0 |      12 | 100.0
            +---------+---------+-------+---------+---------+-------
